 Dungeon Crawl Stone Soup version 0.31-a0-948-gf5be29c462 (webtiles) character file.

Game seed: 4544376109145488674

66 Nedwor the Cutter (level 3, -3/28 HPs)
             Began as a Demonspawn Gladiator on Oct 11, 2023.
             Killed from afar by an orc wizard (6 damage)
             ... with a puff of flame
             ... on level 3 of the Dungeon on Oct 21, 2023.
             The game lasted 00:02:48 (1483 turns).

Nedwor the Cutter (Demonspawn Gladiator)            Turns: 1483, Time: 00:02:49

Health: -3/28      AC:  5    Str: 14    XL:     3   Next: 96%
Magic:  3/3        EV: 12    Int:  9    God:
Gold:   94         SH:  0    Dex: 16    Spells: 2/2 levels left

rFire   . . .        l - +1 dagger (vamp)
rCold   . . .        (no shield)
rNeg    . . .        b - +0 leather armour
rPois   .            c - +0 helmet
rElec   .            (no cloak)
rCorr   .            (no gloves)
SInv    .            j - +0 pair of boots
Will    .....        (no amulet)
Stlth   +            (no ring)
HPRegen 0.24/turn    (no ring)
MPRegen 0.08/turn

%: no passive effects
@: confused
A: claws 2
a: no special abilities


You were on level 3 of the Dungeon.
You visited 1 branch of the dungeon, and saw 3 of its levels.

You collected 94 gold pieces.

Inventory:

Hand Weapons
 l - a +1 vampiric dagger (weapon)
Missiles
 d - 3 throwing nets (quivered)
 e - a javelin
 q - 2 silver javelins
Armour
 b - a +0 leather armour (worn)
 c - a +0 helmet (worn)
 j - a +0 pair of boots (worn)
Scrolls
 a - 2 scrolls of teleportation {unknown}
 f - a scroll of brand weapon {unknown}
 g - a scroll of fear {unknown}
 h - a scroll of immolation {unknown}
 i - a scroll of amnesia {unknown}
 k - a scroll of identify {unknown}
 o - a scroll of enchant weapon {unknown}
 p - a scroll of silence {unknown}
Potions
 m - 2 potions of attraction {unknown}
 n - a potion of curing {unknown}


   Skills:
 + Level 2.6 Fighting
 * Level 3.7 Short Blades
 - Level 1.7 Throwing
 + Level 3.2 Dodging


You had 2 spell levels left.
You didn't know any spells.
Your spell library was empty.

Dungeon Overview and Level Annotations

Branches:
Dungeon (3/15)

Altars:

Shops:
D:2 =


Innate Abilities, Weirdness & Mutations

You have very sharp fingernails.


Message History

Something tries to affect you, but you resist.
The orc hits you but does no damage.
You hit the orc.
You feel better.
You kill the orc!
You hear some strange, mumbled words.
A magic dart appears from out of thin air!
The magic dart hits you.
You are too injured to fight recklessly!
You are too injured to fight recklessly!
You are too injured to fight recklessly!
You are too injured to fight recklessly!
You are too injured to fight recklessly!
You are too injured to fight recklessly!
You are too injured to fight recklessly!
You are too injured to fight recklessly!
You are too injured to fight recklessly!
You are too injured to fight recklessly!
You are too injured to fight recklessly!
You are too injured to fight recklessly!
You are too injured to fight recklessly!
You are too injured to fight recklessly!
You are too injured to fight recklessly!
You miss something.
You hear some strange, mumbled words.
A magic dart appears from out of thin air!
The magic dart hits you!
* * * LOW HITPOINT WARNING * * *
You hit something but do no damage.
You hear some strange, mumbled words.
You are confused.
You miss something.
You hear some strange, mumbled words.
A magic dart appears from out of thin air!
The magic dart hits you.
* * * LOW HITPOINT WARNING * * *
You bump into the rock wall.
You hear some strange, mumbled words.
A puff of flame appears from out of thin air!
The puff of flame hits you.
You die... ... .. .PP. .. ..
PP..PP.

.... ..PP..P..
.#. #.PP..PP.
.. ...P..PP. #.
##..PP..P.
#)##.........
#{@..........
#.####.........
#..............
#.###..........
#<...####..
##...# #####


There were no monsters in sight!

Vanquished Creatures
  2 adders (D:2)
  2 orcs (D:3)
  4 endoplasms
  A giant cockroach (D:3)
  5 goblins
  6 hobgoblins
  A quokka (D:3)
  5 ball pythons
  5 bats
  A frilled lizard (D:1)
  8 kobolds
  4 rats
44 creatures vanquished.

Notes
Turn   | Place    | Note
-------+----------+-------------------------------------------
     0 | D:1      | Nedwor the Demonspawn Gladiator began the quest for the
                  | Orb.
     0 | D:1      | Reached XP level 1. HP: 16/16 MP: 1/1
    62 | D:1      | Upgraded the game from 0.31-a0-867-g9b2fd80f0c to
                  | 0.31-a0-948-gf5be29c462
   146 | D:1      | Gained mutation: You have sharp fingernails. [demonic
                  | ancestry]
   146 | D:1      | Reached XP level 2. HP: 22/22 MP: 2/2
   774 | D:2      | Gained mutation: You have very sharp fingernails. [demonic
                  | ancestry]
   774 | D:2      | Reached XP level 3. HP: 28/28 MP: 3/3
  1008 | D:2      | Found a faded altar of an unknown god.
  1043 | D:2      | Found Gittis's One-of-a-Kind Rings.
  1483 | D:3      | Killed from afar by an orc wizard

Illustrated notes

Levels and vault maps discovered:
D:1:      dpeg_arrival_orchard, layout_basic, serial_bayou_pond_a,
          minmay_crystal_room
D:2:      layout_loops_ring, ebering_ecumenical_altar_webs,
          nicolae_shop_unique_rings
D:3:      layout_basic, mainiacjoe_overflow_brackets, lemuel_round_altar,
          mainiacjoe_overflow_catch_the_wave

Skill      XL: |  1  2 |
---------------+-------+-----
Short Blades   | 3 |  3.7
Dodging        | 3 |  3.2
Fighting       | |  2.6
Throwing       | |  1.7

Action                     || total
---------------------------++-------
  Melee: Rapier            ||    47
         Dagger            ||   128
         Punch             ||     1
   Stab: Sleeping          ||     3
 Armour: Leather armour    ||    96
  Dodge: Dodged            ||   100

Table legend: (Time is in decaauts)
 A = Elapsed time spent in this place.
 B = Non-inter-level travel time spent in this place.
 C = Inter-level travel time spent in this place.
 D = Time resting spent in this place.
 E = Time spent auto-exploring this place.
 F = Levels seen in this place.
 G = Mean time per level.
                   A        B        C        D        E       F      G
               +--------+--------+--------+--------+--------+-----+--------+
         Total |   1462 |   1335 |    127 |    139 |    897 |   3 |  487.3 |
       Dungeon |   1462 |   1335 |    127 |    139 |    897 |   3 |  487.3 |
               +--------+--------+--------+--------+--------+-----+--------+

Top non-repeatable levels by time:
     D:2: 715 daAuts
     D:1: 709 daAuts
     D:3: 36 daAuts
